 Dungeon Crawl Stone Soup version 0.25.1-4-g9407a263a5 (webtiles) character file.

Game seed: 13512260379393354621

163 Gabide the Poker (level 5, -2/39 HPs)
             Began as a Human Gladiator on Nov 29, 2020.
             Killed from afar by an orc wizard (8 damage)
             ... with a magic dart
             ... on level 5 of the Dungeon.
             The game lasted 00:08:35 (3232 turns).

Gabide the Poker (Human Gladiator)                  Turns: 3232, Time: 00:08:36

Health: -2/39      AC: 15    Str: 16    XL:     5   Next: 72%
Magic:  14/14      EV:  6    Int:  8    God:
Gold:   171        SH:  0    Dex: 14    Spells: 4/4 levels left

rFire    . . .     SeeInvis .   x - +2 battleaxe
rCold    . . .     Gourm    .   (shield currently unavailable)
rNeg     . . .     Faith    .   p - +1 plate armour
rPois    .         Spirit   .   c - +0 helmet
rElec    .         Reflect  .   b - +0 cloak
rCorr    .         Harm     .   l - +0 pair of gloves
MR       .....                  (no boots)
Stlth    ..........             (no amulet)
HPRegen  0.13/turn              n - ring of magical power
MPRegen  0.14/turn              (no ring)

@: lethally poisoned (-2 -> -36), slowed, very slow
A: no striking features
a: no special abilities


You were on level 5 of the Dungeon.
You were not hungry.

You visited 1 branch of the dungeon, and saw 5 of its levels.

You collected 171 gold pieces.

Inventory:

Hand Weapons
 x - a +2 battleaxe (weapon)
Missiles
 d - 2 throwing nets (quivered)
 z - 3 javelins
Armour
 b - a +0 cloak (worn)
 c - a +0 helmet (worn)
 e - a +0 chain mail
 l - a +0 pair of gloves (worn)
 p - a +1 plate armour (worn)
Jewellery
 n - a ring of magical power (left hand)
Wands
 s - a wand of random effects (14)
Scrolls
 m - a scroll of amnesia
 q - 4 scrolls of teleportation
 t - a scroll of blinking
Potions
 g - a potion of cancellation {unknown}
 h - a potion of ambrosia {unknown}
 k - a potion of might {unknown}
 o - 2 potions of heal wounds {unknown}
 v - a potion of magic {unknown}
 w - a potion of lignification
Comestibles
 f - 5 rations


   Skills:
 + Level 2.4 Fighting
   Level 4.8 Polearms
 - Level 2.0 Throwing
 * Level 2.2 Armour
 - Level 3.4 Dodging


You had 4 spell levels left.
You didn't know any spells.
Your spell library was empty.

Dungeon Overview and Level Annotations

Branches:
Dungeon (5/15)
 Temple: D:4-7

Altars:


Message History

The orc wizard is moderately wounded.
* * * LOW HITPOINT WARNING * * *
You feel very sick.
The orc wizard gestures at you while chanting.
You feel yourself slow down.
The orc wizard struggles against the net. x2
You catch the helpless orc wizard completely off-guard!
You hit the orc wizard.
The orc wizard is severely wounded.
* * * LOW HITPOINT WARNING * * *
You feel very sick.
The orc wizard struggles against the net.
The net rips apart, and the orc wizard comes free!
The orc wizard hits you but does no damage.
You are more poisoned.
The orc wizard hits you but does no damage.
You are more poisoned.
The orc wizard gestures at you while chanting.
The magic dart hits you!
You die...

. .. ######
...###....# .#
#.......(.# .###
#......(..# ....
##....#####..# #
#..@.........#
#..%##†o..<.>...#
#......(.......#
#.....##.÷..<###
...... #.##.##
...... #........
.....# ####.....
..#.. ........
..#. ........


You could see an orc wizard (fast).

Vanquished Creatures
  An iguana (D:5)
  5 adders
  An ooze (D:2)
  3 dart slugs (D:1)
  3 leopard geckos
  6 orcs
  8 bats
  6 giant cockroaches
  7 goblins
  4 hobgoblins
  3 jackals (D:2)
  A quokka (D:2)
  2 ball pythons (D:3)
  2 frilled lizards (D:1)
  12 kobolds
  13 rats
77 creatures vanquished.

Notes
Turn   | Place    | Note
-------+----------+-------------------------------------------
     0 | D:1      | Gabide the Human Gladiator began the quest for the Orb.
     0 | D:1      | Reached XP level 1. HP: 16/16 MP: 1/1
    93 | D:1      | Reached XP level 2. HP: 17/22 MP: 2/2
   392 | D:1      | Reached XP level 3. HP: 27/27 MP: 3/3
   892 | D:2      | Reached skill level 4 in Polearms
   892 | D:2      | Reached XP level 4. HP: 27/33 MP: 4/4
  1085 | D:2      | Reached skill level 1 in Armour
  1620 | D:3      | Reached XP level 5. HP: 38/38 MP: 5/5
  3021 | D:5      | Entered Level 5 of the Dungeon
  3232 | D:5      | Killed from afar by an orc wizard

Illustrated notes

Levels and vault maps discovered:
D:1:      dpeg_arrival_ratfight, layout_rooms
D:2:      layout_basic
D:3:      layout_basic
D:4:      layout_basic, grunt_ministairs_7
D:5:      layout_cave_pools, minmay_temple_entry_grid, first_ration,
          portal_sewer_entry_f, gammafunk_ghost_necromancy

Skill      XL: |  1  2  3  4  5 |
---------------+----------------+-----
Polearms       | 4 |  4.8
Armour         | 1 2 |  2.2
Fighting       | |  2.4
Throwing       | |  2.0
Dodging        | |  3.4

Action                   |  1- 3 |  4- 6 || total
-------------------------+-------+-------++-------
Melee: Trident           |   122 |   120 ||   242
       Battleaxe         |       |    15 ||    15
Throw: Throwing net      |       |     3 ||     3
  Use: Scroll            |     3 |    11 ||    14
       Potion            |       |     1 ||     1
 Stab: Held in net/web   |       |     2 ||     2
  Eat: Chunk             |       |     8 ||     8
Armor: Chain mail        |    63 |    54 ||   117
       Plate armour      |       |    14 ||    14
       Skin              |       |     5 ||     5
Dodge: Dodged            |    36 |    41 ||    77
